 Dungeon Crawl Stone Soup version 0.30.0-10-gfe55d96785 (webtiles) character file.

Game seed: 6819894895297650944

116 gelatine the Cutter (level 4, -6/32 HPs)
             Began as a Demonspawn Wanderer on May 16, 2023.
             Mangled by a wyvern (14 damage)
             ... on level 4 of the Dungeon.
             The game lasted 00:07:56 (3318 turns).

gelatine the Cutter (Demonspawn Wanderer)           Turns: 3318, Time: 00:07:56

Health: -6/32      AC:  4    Str: 15    XL:     4   Next: 69%
Magic:  2/6        EV: 11    Int: 14    God:
Gold:   250        SH:  0    Dex: 11    Spells: 5/6 levels left

rFire   + . .        n - +1 short sword (venom)
rCold   x . .        (no shield)
rNeg    . . .        d - +0 leather armour
rPois   .            (helmet restricted)
rElec   .            (no cloak)
rCorr   .            (no gloves)
SInv    +            (no boots)
Will    .....        (no amulet)
Stlth   +            f - ring of fire
HPRegen 0.25/turn    h - ring of see invisible
MPRegen 0.10/turn

%: no passive effects
@: no status effects
A: antennae 1, rugged brown scales 1
a: no special abilities


You were on level 4 of the Dungeon.
You visited 1 branch of the dungeon, and saw 4 of its levels.

You collected 250 gold pieces.

Inventory:

Hand Weapons
 a - a +2 short sword
 n - a +1 short sword of venom (weapon)
Armour
 d - a +0 leather armour (worn)
 s - a +0 crystal plate armour
Jewellery
 f - a ring of fire (left hand)
 h - a ring of see invisible (right hand)
 k - a ring of flight
 t - a ring of positive energy
 u - a ring of ice
Wands
 B - a wand of acid (8)
Scrolls
 c - 3 scrolls of teleportation
 e - a scroll of magic mapping {unknown}
 g - 2 scrolls of noise {unknown}
 j - a scroll of vulnerability {unknown}
 m - 2 scrolls of brand weapon {unknown}
 o - a scroll of enchant armour {unknown}
 p - a scroll of butterflies {unknown}
 y - a scroll of fog {unknown}
 A - 4 scrolls of identify {unknown}
Potions
 i - a potion of magic {unknown}
 l - a potion of haste {unknown}
 q - 2 potions of curing {unknown}
 r - a potion of flight {unknown}
 v - a potion of resistance {unknown}
 w - a potion of might {unknown}
 x - 3 potions of heal wounds {unknown}
 z - a potion of invisibility {unknown}
Miscellaneous
 b - a piece from Xom's chessboard (15/15)


   Skills:
 * Level 1.3 Fighting
 + Level 3.8 Short Blades
 * Level 0.9 Armour
 * Level 0.8 Dodging
 * Level 1.3 Stealth
 * Level 1.7 Spellcasting
 * Level 1.6 Conjurations
 * Level 1.4 Fire Magic
 * Level 1.8 Invocations
 * Level 1.7 Evocations


You had 5 spell levels left.
You knew the following spells:

 Your Spells              Type           Power      Damage    Failure   Level
a - Foxfire               Conj/Fire      32%        2x1d5     16%         1

Your spell library contained the following spells:

 Spells                   Type           Power      Damage    Failure   Level
 Dazzling Flash           Conj/Hex       6%         N/A       54%         3
 Frozen Ramparts          Ice            2%         1d1       65%         3
 Ice Form                 Ice/Tmut       1%         N/A       96%         4
 Summon Ice Beast         Ice/Summ       1%         N/A       96%         4


Dungeon Overview and Level Annotations

Branches:
Dungeon (4/15)
 Temple: D:4-7

Altars:
Hepliaklqana
Wu Jian

Shops:
D:1 !

Annotations:
D:4 Blork the orc, Eustachio


Innate Abilities, Weirdness & Mutations

You have a pair of small antennae on your head.
You are partially covered in rugged brown scales. (AC +1, +3% HP)


Message History

The wyvern is lightly wounded.
The foxfire hits the wyvern.
The wyvern is moderately wounded.
You barely miss the wyvern.
The wyvern is moderately wounded.
The foxfire hits the wyvern but does no damage.
The wyvern is moderately wounded.
The wyvern bites you.
You feel a surge of power!
You conjure some foxfire!
The wyvern closely misses you. The wyvern barely misses you.
You closely miss the wyvern.
The wyvern is moderately wounded.
The foxfire hits the wyvern.
The wyvern is moderately wounded.
The foxfire hits the wyvern.
The wyvern is moderately wounded.
The wyvern closely misses you.
The foxfire hits the wyvern but does no damage.
The wyvern is moderately wounded.
The wyvern bites you but does no damage.
The wyvern barely misses you. The kobold hits you but does no damage.
You feel a surge of power!
You conjure some foxfire!
The wyvern bites you! The kobold barely misses you.
The kobold attacks as you move away! The kobold hits you but does no damage.
The foxfire hits the wyvern.
The wyvern is heavily wounded.
The foxfire hits the wyvern.
The wyvern is heavily wounded.
The wyvern closely misses you.
You closely miss the wyvern.
The wyvern is heavily wounded.
The wyvern barely misses you. The wyvern attacks as you move away!
The wyvern misses you. The wyvern bites you!
* * * LOW HITPOINT WARNING * * *
The wyvern bites you but does no damage.
The wyvern attacks as you move away! The wyvern barely misses you.
The wyvern closely misses you. The wyvern bites you!
You die...

.........##..#
#.......###..#####.
#......####........ #
#.#...####........ ..
#............# #.. .#
####..####.#.# #.##
..# #..##.....#
#..#..#
#..##.###.###.....##
...##.# #K.Sl@.<...##
#....#.###.###.......#
#..........# ####....#
..####.#.#.# #.#.# #.
###...#.# #.#o#
........#######.#.#
#.###..............# #
#.###.##.######## #.#
#..##.#


You could see a wyvern, a ball python and a kobold.

Vanquished Creatures
  3 gnolls
  3 adders
  2 worms
  A dart slug (D:2)
  7 endoplasms
  A giant cockroach (D:4)
  7 goblins
  3 hobgoblins
  4 quokkas
  3 ball pythons
  8 bats
  3 frilled lizards
  6 kobolds
  2 rats (D:1)
53 creatures vanquished.

Vanquished Creatures (others)
  152 foxfires
152 creatures vanquished.

Grand Total: 205 creatures vanquished

Notes
Turn   | Place    | Note
-------+----------+-------------------------------------------
     0 | D:1      | gelatine the Demonspawn Wanderer began the quest for the
                  | Orb.
     0 | D:1      | gelatine set off with the following items: a +2 short
                  | sword, a piece from Xom's chessboard (15/15), a scroll of
                  | teleportation, a +0 leather armour; and the following spell
                  | memorised: Foxfire; and the following spells available to
                  | memorise: Dazzling Flash.
     0 | D:1      | Reached XP level 1. HP: 15/15 MP: 2/2
    42 | D:1      | Found Guranl Jaori's Distillery.
   179 | D:1      | Gained mutation: You are partially covered in rugged brown
                  | scales. (AC +1, +3% HP) [demonic ancestry]
   179 | D:1      | Reached XP level 2. HP: 15/21 MP: 0/3
  1120 | D:2      | Gained mutation: You have a pair of small antennae on your
                  | head. [demonic ancestry]
  1120 | D:2      | Reached XP level 3. HP: 26/26 MP: 2/4
  1914 | D:1      | Reached XP level 4. HP: 25/32 MP: 1/6
  1924 | D:2      | Reached skill level 1 in Fire Magic
  2389 | D:3      | Found a hazy altar of Hepliaklqana.
  2451 | D:3      | Identified the +3 helmet of Kleptomania {rElec rF+ rCorr}
  2492 | D:3      | Found an ornate altar of the Wu Jian Council.
  3174 | D:4      | Noticed Blork the orc
  3228 | D:4      | Noticed a wyvern
  3291 | D:4      | Noticed Eustachio
  3318 | D:4      | Mangled by a wyvern

Illustrated notes

Levels and vault maps discovered:
D:1:      minmay_arrival_doors, layout_rooms, serial_shops,
          nicolae_shop_tiny_glass
D:2:      layout_loops_corners
D:3:      layout_loops_cross, amcnicky_altar_gilded,
          mainiacjoe_overflow_brackets, st_stairs_11
D:4:      layout_loops_ring, xom_confusion_cloud, uniq_eustachio, uniq_ijyb,
          uniq_blork_the_orc

Skill      XL: |  1  2  3  4 |
---------------+-------------+-----
Fire Magic     | 1 |  1.4
Fighting       | |  1.3
Short Blades   | |  3.8
Armour         | |  0.9
Dodging        | |  0.8
Stealth        | |  1.3
Spellcasting   | |  1.7
Conjurations   | |  1.6
Invocations    | |  1.8
Evocations     | |  1.7

Action                     |  1- 3 |  4- 6 || total
---------------------------+-------+-------++-------
  Melee: Short sword       |    35 |    16 ||    51
         Punch             |     1 |       ||     1
   Cast: Foxfire           |    59 |    37 ||    96
 Armour: Leather armour    |    19 |     6 ||    25
  Dodge: Dodged            |    36 |    21 ||    57
